AoeStats
← Officer Friendly

MegaRandom

510866780Analyzed
2v2 RM · 11h ago on Oct 2, 2026· 63m 24s· 4 players
Game mode
Random Map
Map size
Medium (4 player)
Population
200
Speed
Normal
Resources
Standard
Victory
Conquest
Starting age
Dark Age
Ending age
Imperial Age
RankedLock teamsTeams togetherTeam positionsShared explorationLock speedFull tech treeHidden civsTurbo modeCheats
Victory
Defeat
🇺🇸 Aztecs · United States
957
+15
🇺🇸 Georgians · United States
940
+16
🇦🇷 Aztecs · Argentina
949
-16
🇨🇭 Khmer · Switzerland
920
-15
DaHimbeertoni
13:27 Feudal Age
14:20 Double-Bit Axe
14:18 Horse Collar
15:12 Loom
15:25 Gold Mining
15:26 Stone Mining
15:55 Arson
19:18 Bloodlines
22:36 Castle Age
23:26 Bloodlines
22:50 Pikeman
22:53 Light Cavalry
24:36 Husbandry
32:58 Wheelbarrow
34:53 Scale Barding Armor
34:50 Scale Mail Armor
35:00 Forging
34:41 Fletching
34:51 Padded Archer Armor
36:49 Chain Barding Armor
36:45 Chain Mail Armor
36:30 Padded Archer Armor
38:03 Padded Archer Armor
38:14 Forging
39:15 Stone Shaft Mining
39:16 Gold Shaft Mining
44:28 Gold Shaft Mining
44:32 Hand Cart
49:28 Imperial Age
55:17 Bow Saw
58:33 Heavy Plow
Elver Galarga
7:45 Loom
11:44 Feudal Age
12:10 Double-Bit Axe
17:40 Gold Mining
17:32 Horse Collar
20:40 Castle Age
21:50 Bow Saw
23:40 Wheelbarrow
24:30 Eagle Warrior
26:08 Forging
25:59 Scale Mail Armor
26:18 Fervor
26:29 Sanctity
26:20 Redemption
27:13 Gambesons
27:29 Squires
27:16 Arson
28:15 Iron Casting
27:55 Chain Mail Armor
31:04 Heavy Plow
32:24 Chain Mail Armor
34:06 Hand Cart
38:30 Imperial Age
39:07 Fletching
40:19 Blast Furnace
39:50 Plate Mail Armor
38:46 Elite Eagle Warrior
39:29 Capped Ram
39:58 Town Watch
40:26 Bodkin Arrow
41:32 Gold Shaft Mining
40:41 Crossbowman
42:13 Ballistics
41:59 Padded Archer Armor
43:02 Arbalester
43:38 Arbalester
48:18 Chemistry
51:28 Leather Archer Armor
58:31 Block Printing
58:41 Illumination
58:53 Theocracy
Bo Xilai stan
10:40 Feudal Age
11:56 Double-Bit Axe
19:11 Castle Age
16:58 Loom
16:58 Town Watch
20:09 Medium Warships
21:09 Gold Mining
28:04 Town Patrol
28:40 Wheelbarrow
29:06 Fervor
29:18 Sanctity
30:13 Horse Collar
30:46 Bow Saw
32:57 Redemption
36:30 Imperial Age
33:32 Man-at-Arms
33:58 Gambesons
34:16 Squires
34:01 Arson
34:44 Long Swordsman
36:32 Two-Handed Swordsman
37:18 Scale Mail Armor
37:28 Forging
38:44 Hand Cart
39:58 Stone Mining
40:30 Champion
44:53 Gold Shaft Mining
45:54 Caravan
47:04 Heavy Plow
51:57 Crop Rotation
52:32 Garland Wars
52:03 Eagle Warrior
52:25 Capped Ram
53:12 Elite Eagle Warrior
54:32 Siege Ram
56:55 Elite Skirmisher
58:18 Iron Casting
57:59 Chain Mail Armor
57:34 Fletching
Officer Friendly
7:51 Loom
9:05 Loom
10:51 Feudal Age
13:37 Wheelbarrow
16:18 Double-Bit Axe
16:19 Horse Collar
22:59 Forging
25:14 Castle Age
27:30 Bow Saw
27:23 Heavy Plow
29:30 Pikeman
30:26 Scale Mail Armor
33:21 Squires
39:22 Scale Barding Armor
47:03 Chain Barding Armor
47:12 Fishing Lines
50:29 Iron Casting
50:45 Hand Cart
55:11 Imperial Age
53:24 Gillnets
53:55 Fletching
55:29 Elite Monaspa
57:20 Blast Furnace
59:35 Bloodlines
59:26 Husbandry
60:14 Plate Barding Armor
60:07 Conscription
Connection lost

Rejoining the realm…

Still unreachable

The connection could not be restored.

Session expired

The server has moved on; the page needs a fresh start.